 Dungeon Crawl Stone Soup version 0.31-a0-1008-g5b978dac0e (webtiles) character file.

Game seed: 2823969898373494702

3378 Dirtsage the Mimic (level 10, -6/68 HPs)
             Began as an Octopode Shapeshifter on Nov 12, 2023.
             Was an Initiate of Gozag.
             Mangled by a wyvern (20 damage)
             ... on level 7 of the Dungeon.
             The game lasted 00:20:36 (9058 turns).

Dirtsage the Mimic (Octopode Shapeshifter)          Turns: 9058, Time: 00:20:37

Health: -6/68      AC:  1    Str: 13    XL:     10   Next: 3%
Magic:  10/10      EV: 14    Int: 13    God:    Gozag
Gold:   1035       SH:  0    Dex: 22    Spells: 6/9 levels left

rFire   . .          .
                       - Unarmed
rCold   . . .        (no shield)
rNeg    . . .        (helmet currently unavailable)
rPois   .            (no amulet)
rElec   .            u - +6 ring of dexterity
rCorr   .            (no ring)
SInv    .            (no ring)
Will    .....        (no ring)
Stlth   +++          (no ring)
HPRegen 0.31/turn    (no ring)
MPRegen 0.12/turn    (no ring)
                     (no ring)

%: no passive effects
@: beast-form, gold aura
A: beast (slay +4), almost no armour, amphibious, 8 rings, camouflage 1,
gelatinous body 1, (nimble swimmer 1), tentacles
a: Begin Untransformation, Renounce Religion, Potion Petition, Call Merchant,
Bribe Branch


You were on level 7 of the Dungeon.
You worshipped Gozag.
Gozag was most pleased with you.
You were a hulking beast.
You visited 2 branches of the dungeon, and saw 8 of its levels.

You collected 1160 gold pieces.
You spent 98 gold pieces at shops.
You paid 27 gold pieces to Gozag.

Inventory:

Missiles
 w - a curare-tipped dart
Armour
 y - a +1 hat
Jewellery
 u - a +6 ring of dexterity (left tentacle)
 z - an amulet of magic regeneration
Talismans
 b - a beast talisman
 c - a flux talisman
Wands
 f - a wand of flame (42) (quivered)
 h - a wand of roots (2)
 n - a wand of quicksilver (13)
 x - a wand of polymorph (12)
Scrolls
 d - a scroll of vulnerability
 k - 3 scrolls of fog
 p - a scroll of noise
 r - 3 scrolls of amnesia
 t - 2 scrolls of teleportation
 A - 2 scrolls of poison
 B - 3 scrolls of blinking
Potions
 a - a potion of lignification
 e - a potion of might {unknown}
 j - a potion of brilliance {unknown}
 l - 3 potions of resistance {unknown}
 m - 2 potions of magic {unknown}
 o - 2 potions of haste {unknown}
 q - 3 potions of curing
 s - 2 potions of mutation {unknown}
 v - 2 potions of attraction {unknown}


   Skills:
 + Level 5.9 Fighting
 - Level 2.0 Dodging
 + Level 6.6 Unarmed Combat
 + Level 4.0 Conjurations
 + Level 4.0 Air Magic
 + Level 4.7 Poison Magic
 * Level 8.2 Shapeshifting


You had 6 spell levels left.
You knew the following spells:

 Your Spells              Type           Power      Damage    Failure   Level
x - Mephitic Cloud        Conj/Pois/Air  11%        N/A       16%         3

Your spell library contained the following spells:

 Spells                   Type           Power      Damage    Failure   Level
 Magic Dart               Conj           40%        1d5       6%          1
 Necrotise                Necr           0%         1d4       30%         1
 Call Imp                 Summ           0%         N/A       43%         2
 Vampiric Draining        Necr           0%         2d6       67%         3
 Agony                    Necr           0%         N/A       100%        5


Dungeon Overview and Level Annotations

Branches:
Dungeon (7/15)             Temple (1/1) D:4

Altars:
Ashenzari
Cheibriados
Dithmenos
Elyvilon
Fedhas
Gozag
Hepliaklqana
Kikubaaqudgha
Nemelex Xobeh
Qazlal
Ru
Sif Muna
Uskayaw
Vehumet
Wu Jian
Yredelemnul
Zin
The Shining One

Shops:
D:6 ?

Annotations:
D:3 1 runed translucent door, Crazy Yiuf
D:5 3 runed translucent doors, Graknight's ghost, novice MiBe; Pi314's ghost, novice DsAr; Pi314's ghost, novice GnCK


Innate Abilities, Weirdness & Mutations

You are a hulking beast.
Your limbs bulge with bestial killing power. (Slay +4)
You cannot wear most types of armour.
You are amphibious.
You can wear up to eight rings at the same time.
Your skin changes colour to match your surroundings (Stealth+).
Your rubbery body absorbs attacks. (AC +1, EV +1)
((You are camouflaged when in or above water. (Stealth+)))
You have tentacles for arms and can constrict up to eight enemies at once.


Message History

Aiming: Throw Flame
Press: ? - help, Q - select action, (/) - cycle Shift-Dir - straight line, f - wyvern
Aim: a wyvern (wandering, hasn't noticed you, 68% to hit)
The puff of flame hits the wyvern.
The wyvern is lightly wounded.
The wyvern hisses angrily.
The wyvern is distracted by your dazzling golden aura.
You see here 19 gold pieces.
Aiming: Throw Flame
Press: ? - help, Q - select action, (/) - cycle Shift-Dir - straight line, f/p - wyvern
Aim: a wyvern (lightly wounded, unaware, hasn't noticed you, 68% to hit)
The puff of flame hits the wyvern.
The wyvern is lightly wounded.
The wyvern is no longer distracted by gold.
The wyvern hisses angrily.
Aiming: Throw Flame
Press: ? - help, Q - select action, (/) - cycle Shift-Dir - straight line, f/p - wyvern
Aim: a wyvern (lightly wounded, 68% to hit)
Okay, then.
You tentacle-slap the wyvern but do no damage.
The wyvern is lightly wounded.
The wyvern bites you!!
You take 18 damage, and have 40/68 hp.
MASSIVE DAMAGE!!
You tentacle-slap the wyvern.
You tentacle-slap the wyvern, but do no damage.
You squeeze the wyvern.
The wyvern is heavily wounded.
The wyvern bites you!
You take 8 damage, and have 32/68 hp.
You closely miss the wyvern.
The wyvern is heavily wounded.
The wyvern bites you!
You take 8 damage, and have 24/68 hp.
You bludgeon the wyvern! Your squeeze misses the wyvern.
The wyvern is almost dead.
The wyvern bites you!
* * * LOW HITPOINT WARNING * * *
The wyvern bites you!!
You die...
Your body crumbles into a pile of gold.

#.##.#.# ####.#.# ###
..##.#.# ... #.##.#)#
♣♣♣♣.♣♣♣♣ #.##.#.# .o
♣...~$..♣ . #.##.#.#
♣..♣♣♣♣.♣♣♣♣..♣ ..##.#.#
♣.........♣
####.#)#############...#####
.....#.........$hl...........
.########.#............######
..#....)<.#..........###
..#.####.##..........# ..#.#
#((.......#.### ..#.#
####.####.#.# .##.####.##.#
#.#.# .##.#....##.# #.#.#
###.#.##.##.. ..#.#


You could see a wyvern.

Vanquished Creatures
  Sigmund (D:3)
  Menkaure (D:4)
  Edmund (D:4)
  A water moccasin (D:5)
  Duvessa (D:6)
  An orc warrior (D:7)
  An ogre (D:5)
  A sky beast (D:7)
  2 ice beasts
  A centaur (D:7)
  5 phantoms
  3 kobold brigands
  A gnoll sergeant (D:7)
  2 bullfrogs (D:7)
  3 scorpions
  A water moccasin zombie (D:4)
  5 killer bees (D:7)
  Dowan (D:6)
  4 hounds
  A gnoll bouda (D:6)
  4 sleepcaps (D:6)
  2 orc priests (D:4)
  A jelly (D:3)
  A water moccasin simulacrum (D:4)
  Jessica (D:2)
  5 iguanas
  Natasha (twice) (D:2)
  2 orc wizards
  A howler monkey zombie (D:4)
  Robin (D:3)
  13 gnolls
  7 adders
  5 ufetubi
  2 adder skeletons (D:4)
  2 dart slugs (D:1)
  8 orcs
  8 endoplasms
  5 giant cockroaches
  13 goblins
  14 hobgoblins
  4 jackals (D:5)
  21 kobolds
  4 quokkas
  9 ball pythons
  4 bats
  6 frilled lizards
  3 rats
185 creatures vanquished.

Notes
Turn   | Place    | Note
-------+----------+-------------------------------------------
     0 | D:1      | Dirtsage the Octopode Shapeshifter began the quest for the
                  | Orb.
     0 | D:1      | Reached XP level 1. HP: 13/13 MP: 1/1
    86 | D:1      | Reached XP level 2. HP: 16/18 MP: 2/2
   412 | D:1      | Reached XP level 3. HP: 23/23 MP: 3/3
  1656 | D:2      | Noticed Jessica
  1659 | D:2      | Killed Jessica
  1659 | D:2      | Noticed Natasha
  1660 | D:2      | Reached skill level 4 in Shapeshifting
  1660 | D:2      | Reached XP level 4. HP: 29/29 MP: 4/4
  1663 | D:2      | Killed Natasha
  1681 | D:2      | Noticed Natasha
  1690 | D:2      | Killed Natasha
  1691 | D:2      | Reached XP level 5. HP: 24/35 MP: 5/5
  1809 | D:2      | You fall into a shaft and drop 2 floors!
  1882 | D:4      | Noticed a phantom
  1888 | D:4      | Found a staircase to the Ecumenical Temple.
  1892 | D:4      | Killed a phantom
  1893 | D:4      | Reached XP level 6. HP: 25/42 MP: 6/6
  1915 | D:4      | Reached skill level 5 in Shapeshifting
  1926 | Temple   | Entered the Ecumenical Temple
  1935 | Temple   | Became a worshipper of Gozag Ym Sagoz the Greedy
  1976 | D:4      | Noticed Edmund
  2122 | D:4      | Reached XP level 7. HP: 32/46 MP: 7/7
  2465 | D:3      | Noticed a +0 spear
  2466 | D:3      | Noticed a +0 spear
  2466 | D:3      | Noticed a +0 falchion
  2466 | D:3      | Noticed a +0 dagger
  2468 | D:3      | Noticed a +0 short sword
  2468 | D:3      | Noticed a +0 dagger
  2469 | D:3      | Noticed a +0 short sword
  2472 | D:3      | Noticed a +0 falchion
  2491 | D:3      | Noticed Sigmund
  2500 | D:3      | Killed Sigmund
  2501 | D:3      | Reached skill level 6 in Shapeshifting
  2561 | D:3      | Reached skill level 5 in Unarmed Combat
  2726 | D:3      | Noticed Robin
  2856 | D:3      | Killed Robin
  2988 | D:3      | Found a hide-covered altar of Uskayaw.
  3317 | D:3      | Found a runed translucent door.
  3318 | D:3      | Noticed Crazy Yiuf
  3502 | D:3      | Learned a level 3 spell: Mephitic Cloud
  3638 | D:4      | Found a sacrificial altar of Ru.
  3647 | D:4      | Noticed Menkaure
  3655 | D:4      | Killed Menkaure
  3656 | D:4      | Reached skill level 1 in Conjurations
  3656 | D:4      | Reached skill level 1 in Poison Magic
  3656 | D:4      | Reached XP level 8. HP: 32/54 MP: 8/8
  3755 | D:4      | Reached skill level 1 in Air Magic
  3768 | D:4      | Killed Edmund
  4570 | D:4      | Identified the +5 dagger "Jain" {pain, Drain +Blink rC+++
                  | Stlth+}
  4888 | D:5      | Entered Level 5 of the Dungeon
  5064 | D:5      | Found a shadowy altar of Dithmenos.
  5169 | D:5      | Reached skill level 7 in Shapeshifting
  5186 | D:5      | Found a sparkling altar of Nemelex Xobeh.
  5241 | D:5      | Found a runed translucent gate.
  5241 | D:5      | Found a runed translucent gate.
  5243 | D:5      | Found a runed translucent gate.
  5246 | D:5      | Noticed Pi314's ghost (novice GnCK)
  5246 | D:5      | Noticed Pi314's ghost (novice DsAr)
  5247 | D:5      | Noticed Graknight's ghost (novice MiBe)
  5292 | D:5      | Found a hazy altar of Hepliaklqana.
  5304 | D:5      | Reached skill level 5 in Fighting
  5304 | D:5      | Reached XP level 9. HP: 32/61 MP: 9/9
  6158 | D:6      | Found Laet's Magic Scroll Boutique.
  6180 | D:6      | Bought a scroll of teleportation for 42 gold pieces
  6180 | D:6      | Bought a scroll of poison for 56 gold pieces
  6661 | D:6      | Found a glowing silver altar of Zin.
  7329 | D:6      | Noticed Dowan
  7332 | D:6      | Noticed Duvessa
  7341 | D:6      | Killed Dowan
  7350 | D:6      | Killed Duvessa
  7478 | D:7      | Found a basalt altar of Yredelemnul.
  7884 | D:7      | Noticed a two-headed ogre
  8512 | D:7      | Reached skill level 8 in Shapeshifting
  8836 | D:7      | Reached XP level 10. HP: 15/68 MP: 10/10
  9058 | D:7      | Mangled by a wyvern

Illustrated notes

Levels and vault maps discovered:
D:1:      lemuel_arrival_hallway, layout_basic
D:2:      layout_loops_ring, uniq_natasha, uniq_jessica
D:3:      layout_basic, nicolae_uskayaw_en_pointe,
          hangedman_abyss_or_decor_lesser_grid, uniq_sigmund, uniq_robin,
          uniq_crazy_yiuf_cottage
D:4:      layout_gridville, mainiacjoe_overflow_small_starburst,
          minmay_temple_entry_junction, dilly_guarded_unrand_morg, uniq_edmund,
          uniq_menkaure
D:5:      cheibrodos_thug_alley, layout_loops_ring,
          mainiacjoe_overflow_boulevard, old_standard_altar, old_standard_altar,
          gammafunk_ghost_cemetery
D:6:      layout_basic, mainiacjoe_overflow_alcove_2, serial_shops,
          nicolae_shop_waterfront, kennysheep_small_spiral, hellmonk_no_cap,
          uniq_duvessa
D:7:      nzn_winding_woodlands_medium [nzn_winding_woodlands_5x5_cross,
          nzn_winding_woodlands_5x15_split_checker,
          nzn_winding_woodlands_5x5_checkerboard,
          nzn_winding_woodlands_5x5_open_star,
          nzn_winding_woodlands_center_lodge, nzn_winding_woodlands_hourglass,
          nzn_winding_woodlands_5x5_perimeter, nzn_winding_woodlands_5x15_eye,
          nzn_winding_woodlands_5x5_three], layout_basic,
          mainiacjoe_overflow_cross_hatched, uniq_maggie, uniq_joseph
Temple:   minmay_freezing_vapour_temple

Skill      XL: |  1  2  3  4  5  6  7  8  9 10 |
---------------+-------------------------------+-----
Fighting       | 2 3 4 5 |  5.9
Shapeshifting  | 4 5 6 7 8 |  8.2
Unarmed Combat | 4 5 6 |  6.6
Conjurations   | 1 2 3 4 |  4.0
Poison Magic   | 1 3 4 |  4.7
Air Magic      | 2 3 4 |  4.0
Dodging        | |  2.0

Action                     |  1- 3 |  4- 6 |  7- 9 | 10-12 || total
---------------------------+-------+-------+-------+-------++-------
  Melee: Unarmed           |    57 |    33 |   328 |    10 ||   428
         Tentacles         |    16 |    11 |    86 |     5 ||   118
         Constrict         |     8 |     5 |    87 |     1 ||   101
         Punch             |     2 |       |    21 |     1 ||    24
   Cast: Mephitic Cloud    |       |       |     7 |       ||     7
  Evoke: Wand              |       |     7 |    18 |     7 ||    32
    Use: Scroll            |       |       |     8 |       ||     8
         Potion            |       |       |     1 |       ||     1
   Stab: Sleeping          |    11 |       |     8 |       ||    19
         Confused          |       |       |     3 |       ||     3
         Distracted        |       |       |     2 |       ||     2
 Armour: Skin              |     6 |    15 |   170 |     8 ||   199
  Dodge: Dodged            |    29 |    11 |   224 |     2 ||   266

Table legend: (Time is in decaauts)
 A = Elapsed time spent in this place.
 B = Non-inter-level travel time spent in this place.
 C = Inter-level travel time spent in this place.
 D = Time resting spent in this place.
 E = Time spent auto-exploring this place.
 F = Levels seen in this place.
 G = Mean time per level.
                   A        B        C        D        E       F      G
               +--------+--------+--------+--------+--------+-----+--------+
         Total |   9020 |   8797 |    223 |    425 |   6609 |   8 | 1127.5 |
       Dungeon |   9005 |   8786 |    219 |    425 |   6609 |   7 | 1286.4 |
        Temple |     14 |     10 |      4 |      0 |      0 |   1 |   14.0 |
               +--------+--------+--------+--------+--------+-----+--------+

Top non-repeatable levels by time:
     D:6: 1720 daAuts
     D:4: 1705 daAuts
     D:7: 1334 daAuts
     D:1: 1206 daAuts
     D:3: 1156 daAuts
     D:5: 1097 daAuts
     D:2: 784 daAuts
  Temple: 14 daAuts
